Unix NetHack Version 5.0.0-0 post-release - last build Jun 10 2026 00:39:30 (3ee93aec679c4c4259841fe613dc97188e26a321,branch:main).

Game began 2026-07-03 03:14:00, ended 2026-07-03 05:28:14.

JohnDarcy, neutral male human Tourist

                          ----------------         ----------
                       ###+..............-###     #.........|
      ----------     ###  |..............|  ####  #|........|################
      |....<...|   ###    |...............##   ####.........|#       -------+-
      |........|   #      |..............| ########---|----.-#       |.......|
      |........+####      ----.-----------    #       ########      #-.......|
      |........|              ##            ###           ##        #|......>|
      ----------               #   #        #             #         #|.......|
              #                # ###        #             #         #|.......|
                               # #         ##             #         #|.`.....|
                               # #         #              #         #---------
                               # #        ##              #         #  #  #
                               # #        #               #         #
                              -.-+--------#               #         #
          ----              $ |...........#               #         #
          |...#############@##...........|           -----+---------#
          |..|                |<.......`.|           |..............#
          ----                --.---------           |.............|
                                #      #             ---------------

JohnDarcy the Excursionist  St:10 Dx:12 Co:15 In:14 Wi:10 Ch:18  Neutral
Dlvl:10 $:6534 HP:0(56) Pw:22(22) AC:3  Xp:6 T:6152  Burdened

Latest messages:
 You see here 1053 gold pieces.
 Autopickup: ON, for all objects.
 You have a little trouble lifting $ - 1076 gold pieces (3826 in total).
 You have a little trouble lifting $ - 536 gold pieces (4362 in total).
 You have a little trouble lifting $ - 1119 gold pieces (5481 in total).
 Lurch picks up a gold piece.
 You have a little trouble lifting $ - 1052 gold pieces (6533 in total).
 Lurch drops a gold piece.
 You swap places with Lurch.
 You have a little trouble lifting $ - a gold piece (6534 in total).
 Autopickup: OFF.
 The crocodile bites!
 The crocodile hits!
 You swap places with Lurch.
 Lurch bites it.
 It bites Lurch.
 It hits Lurch.
 Lurch misses it.
 Lurch misses it.
 You start digging.
 You hit the rock with all your might.
 You hear some noises.
 You hear a nearby zap.
 The bolt of fire whizzes by you!
 You stop digging.
 You hear a nearby zap.
 You have a sad feeling for a moment, then it passes.
 You continue digging.
 You hit the rock with all your might.
 You hear a nearby zap.
 The bolt of fire hits it!
 The bolt of fire hits you!
 You stop digging.
 You continue digging.
 You hit the rock with all your might.
 You hear a nearby zap.
 The bolt of fire hits you!
 Your smoky potion catches light!
 You stop digging.
 What do you want to throw? [$a or ?*] a
 In what direction? 6
 The dart hits it.
 You hear a nearby zap.
 The bolt of fire hits you!
 You die...
 Do you want your possessions identified? [ynq] (y) y
 Do you want to see your attributes? [ynq] (y) y
 Do you want an account of creatures vanquished? [ynaq] (y) y
 Do you want to see your conduct and achievements? [ynq] (y) y
 Do you want to see the dungeon overview? [ynq] (y) y

Inventory:
 Coins    ('$')
  $ - 6534 gold pieces
 Amulets  ('"')
  d - an uncursed amulet versus poison
 Weapons  (')')
  a - 6 +2 darts
 Armor    ('[')
  s - an uncursed +0 orcish helm (being worn)
  J - an uncursed +0 pair of iron shoes (being worn)
  I - an uncursed +0 Uruk-hai shield (being worn)
  n - an uncursed +0 Hawaiian shirt with a hula dancer motif (being worn)
  Y - an uncursed +0 ring mail (being worn)
 Comestibles  ('%')
  f - 2 uncursed bananas
  o - an uncursed candy bar labeled "Om-nom"
  h - an uncursed carrot
  i - an uncursed cream pie
  q - an uncursed eucalyptus leaf
  b - 3 uncursed food rations
  K - an uncursed tripe ration
 Scrolls  ('?')
  k - an uncursed scroll of charging
  G - an uncursed scroll of enchant weapon
  m - 2 uncursed scrolls of magic mapping
  z - an uncursed scroll of remove curse
  X - an uncursed scroll of scare monster
  M - an uncursed scroll of stinking cloud
 Potions  ('!')
  v - an uncursed potion of booze
  A - a cursed potion of booze
  y - an uncursed potion of enlightenment
  N - an uncursed potion of full healing
  B - a blessed potion of gain energy
  C - 2 uncursed potions of healing
  j - an uncursed potion of object detection
  w - an uncursed potion of oil (lit)
  x - an uncursed potion of sleeping
  F - a potion of holy water
  u - an uncursed potion of water
 Rings    ('=')
  t - an uncursed ring of searching (on left hand)
 Wands    ('/')
  H - a wand of striking (0:3)
 Tools    ('(')
  L - an uncursed credit card
  c - an expensive camera (0:42)
  p - a +0 pick-axe (weapon in right hand)

JohnDarcy the Tourist's attributes:

Background:
 You were an Excursionist, a level 6 male human Tourist.
 You were neutral, on a mission for The Lady
 who was opposed by Blind Io (lawful) and Offler (chaotic).
 You were right-handed.
 You were in the Dungeons of Doom, on level 10.
 You entered the dungeon 6152 turns ago.
 It was nighttime.
 You had 583 experience points, 57 more were needed to attain level 7.

Basics:
 You had 0 out of 56 hit points.
 You had all 22 energy points (spell power).
 Your armor class was 3.
 Your wallet contained 6534 zorkmids.
 Autopickup was off.

Final Characteristics:
 Your strength was 10 (limit:18/100).
 Your dexterity was 12 (limit:18).
 Your constitution was 15 (limit:18).
 Your intelligence was 14 (limit:18).
 Your wisdom was 10 (limit:18).
 Your charisma was 18 (limit:18).

Final Status:
 You weren't hungry.
 You were burdened; movement was slightly slowed.
 You were wielding a pick-axe.
 You were unskilled in pick-axe.

Final Attributes:
 You were piously aligned.
 You were telepathic.
 You had automatic searching.
 You were warded.
 You are dead.

Miscellaneous:
 You didn't encounter any bones levels.
 Total elapsed playing time was 1 hour, 36 minutes and 32 seconds.

Major events:
 Turn
    1: JohnDarcy the neutral male human Tourist entered the dungeon
  383: entered the Gnomish Mines
  425: attained the rank of Sightseer (level 3)
 4484: attained the rank of Excursionist (level 6)
 6152: killed by a bolt of fire zapped by a soldier

You didn't know any spells.

Skills:
 Fighting Skills
   bare handed combat [Unskilled]
   two weapon combat  [Unskilled]
   riding             [Unskilled]
 Weapon Skills
   dagger             [Unskilled]
   knife              [Unskilled]
   axe                [Unskilled]
   pick-axe           [Unskilled]
   short sword        [Unskilled]
   broadsword         [Unskilled]
   long sword         [Unskilled]
   two-handed sword   [Unskilled]
   saber              [Unskilled]
   mace               [Unskilled]
   morning star       [Unskilled]
   flail              [Unskilled]
   hammer             [Unskilled]
   quarterstaff       [Unskilled]
   polearms           [Unskilled]
   spear              [Unskilled]
   trident            [Unskilled]
   lance              [Unskilled]
   bow                [Unskilled]
   sling              [Unskilled]
   crossbow           [Unskilled]
   dart               [Basic]
   shuriken           [Unskilled]
   boomerang          [Unskilled]
   whip               [Unskilled]
   unicorn horn       [Unskilled]
 Spellcasting Skills
   divination spells  [Unskilled]
   enchantment spells [Unskilled]
   escape spells      [Unskilled]

Voluntary challenges:
 Character rerolling was not enabled.
 You never genocided any monsters.
 You never polymorphed an object.
 You never changed form.
 You used no wishes.
Achievements:
 You entered the Gnomish Mines.
 You attained the rank of Sightseer.
 You entered a shop.
 You attained the rank of Excursionist.

 The Dungeons of Doom: levels 1 to 10
    Level 1:
       A fountain.
    Level 2:
       Stairs down to The Gnomish Mines.
    Level 3:
       Some fountains, a grave.
    Level 4:
       A food shop.
    Level 5:
       A general store.
    Level 6:
       Some fountains, a sink.
    Level 7:
       A fountain.
    Level 8:
    Level 9:
       Many fountains.
    Level 10: <- You were here.
       Final resting place for
          you, killed by a bolt of fire zapped by a soldier.
 The Gnomish Mines: levels 3 to 5
    Level 3:
    Level 4:
    Level 5:


Vanquished creatures:
  a small mimic
  a large dog
  a large cat
  2 giant beetles
  a black light
  a gnome ruler
  a dingo
  a blue jelly
  2 bugbears
  a mountain nymph
  5 Uruk-hai
  2 rock moles
  2 fog clouds
  2 yellow lights
  2 gnome leaders
  a gnomish wizard
  a gray ooze
  a ghoul
  a straw golem
  a giant ant
  4 floating eyes
  5 dwarves
  a kobold leader
  a kobold shaman
  4 rothes
  a centipede
  2 giant bats
  2 orc zombies
  a wererat
  a werejackal
  4 iguanas
  2 killer bees
  a hobbit
  a hobgoblin
  3 giant rats
  5 cave spiders
  a yellow mold
  8 gnomes
  3 garter snakes
  2 geckos
  5 jackals
  a fox
  3 kobolds
  3 goblins
  a sewer rat
  5 grid bugs
  3 lichens
  3 kobold zombies
  6 newts
112 creatures vanquished.

No species were genocided or became extinct.

Game over:
                       ----------
                      /          \
                     /    REST    \
                    /      IN      \
                   /     PEACE      \
                  /                  \
                  |    JohnDarcy     |
                  |     6534 Au      |
                  | killed by a bolt |
                  |  of fire zapped  |
                  |   by a soldier   |
                  |                  |
                  |       2026       |
                 *|     *  *  *      | *
        _________)/\\_//(\/(/\)/\//\/|_)_______

Aloha JohnDarcy the Tourist...

You died in The Dungeons of Doom on dungeon level 10 with 8328 points,
and 6534 pieces of gold, after 6152 moves.
You were level 6 with a maximum of 56 hit points when you died.

